 Dungeon Crawl Stone Soup version 0.28.0-53-g5a82cb258f (webtiles) character file.

Game seed: 9396886328108724029

6941 Jerry the Fighter (level 11, -3/60 HPs)
             Began as a Vine Stalker Fighter on July 30, 2022.
             Was a High Priest of Uskayaw.
             Slain by a sphinx (5 damage)
             ... while paralysed by a sphinx
             ... on level 10 of the Dungeon.
             The game lasted 00:32:59 (9448 turns).

Jerry the Fighter (Vine Stalker Fighter)            Turns: 9448, Time: 00:32:59

Health: -3/60      AC: 11    Str: 18    XL:     11   Next: 7%
Magic:  0/16       EV:  2    Int:  8    God:    Uskayaw [*****.]
Gold:   458        SH:  0    Dex: 19    Spells: 10/10 levels left

rFire   . . .      SeeInvis +   q - +2 rapier (speed)
rCold   . . .      Faith    .   c - +1 buckler
rNeg    + . .      Spirit   +   I - +1 ring mail "Liot Res" {rPois}
rPois   +          Reflect  .   J - +2 helmet
rElec   .          Harm     .   (no cloak)
rCorr   .          Rampage  .   (no gloves)
Will    ++...                   (no boots)
Stlth   +.........              (no amulet)
HPRegen 1.00/turn               e - ring of positive energy
MPRegen 0.15/turn               B - ring of willpower

@: paralysed, studying Polearms
A: fangs 3, regeneration 1, magic shield, antimagic bite, no potion heal 2, see
invisible, mutation resistance 1
a: Renounce Religion, Stomp, Line Pass, Grand Finale


You were on level 10 of the Dungeon.
You worshipped Uskayaw.
Uskayaw was noncommittal.
You visited 2 branches of the dungeon, and saw 11 of its levels.
You also visited: Sewer.

You collected 674 gold pieces.
You spent 216 gold pieces at shops.

Inventory:

Hand Weapons
 a - a +1 rapier of freezing
 q - a +2 rapier of speed (weapon)
 D - a +4 dagger
Armour
 c - a +1 buckler (worn)
 I - the +1 ring mail "Liot Res" (worn) {rPois}
   (You found it on level 8 of the Dungeon)

   rPois:     It protects you from poison.
 J - a +2 helmet (worn)
Jewellery
 d - a ring of flight
 e - a ring of positive energy (left hand)
 j - a ring of magical power
 n - a ring of protection from fire
 B - a ring of willpower (right hand)
Wands
 k - a wand of flame (28)
 t - a wand of polymorph (16)
 E - a wand of mindburst (3)
Scrolls
 i - 2 scrolls of blinking
 o - 2 scrolls of silence
 u - 10 scrolls of identify
 v - 3 scrolls of teleportation
 y - a scroll of magic mapping
 A - a scroll of vulnerability
 G - 2 scrolls of enchant armour
Potions
 b - a potion of flight {unknown}
 f - 4 potions of curing
 g - 3 potions of attraction
 l - 3 potions of cancellation
 m - 2 potions of resistance {unknown}
 p - 2 potions of haste
 s - a potion of ambrosia {unknown}
 w - a potion of lignification {unknown}
 F - 3 potions of degeneration


   Skills:
 + Level 8.1 Fighting
 + Level 7.9 Short Blades
 + Level 7.4 Armour
 - Level 6.0 Shields
 + Level 5.7 Invocations


You had 10 spell levels left.
You didn't know any spells.
Your spell library contained the following spells:

 Spells                   Type           Power      Damage    Failure   Level
 Summon Small Mammal      Summ           0%         N/A       65%         1
 Blink                    Tloc           0%         N/A       80%         2
 Corpse Rot               Necr/Air       0%         N/A       80%         2
 Poisonous Vapours        Pois/Air       0%         N/A       80%         2
 Call Canine Familiar     Summ           0%         N/A       95%         3
 Gell's Gravitas          Tloc           0%         N/A       95%         3
 Lesser Beckoning         Tloc           0%         N/A       95%         3
 Summon Guardian Golem    Hex/Summ       0%         N/A       95%         3
 Teleport Other           Tloc           0%         N/A       95%         3
 Tukima's Dance           Hex            0%         N/A       95%         3
 Anguish                  Hex/Necr       0%         N/A       100%        4
 Manifold Assault         Tloc           0%         N/A       100%        5
 Enfeeble                 Hex            0%         N/A       100%        7
 Storm Form               Tmut/Air       0%         N/A       100%        7
 Borgnjor's Revivificati  Necr           0%         N/A       100%        8
 Necromutation            Tmut/Necr      0%         N/A       100%        8
 Death's Door             Necr           0%         N/A       100%        9


Dungeon Overview and Level Annotations

Branches:
Dungeon (10/15)            Temple (1/1) D:5           Sewer (visited)
   Lair: D:8-11         Orc: D:9-12

Altars:
Ashenzari
Cheibriados
Dithmenos
Elyvilon
Fedhas
Gozag
Hepliaklqana
Kikubaaqudgha
Makhleb
Nemelex Xobeh
Okawaru
Qazlal
Ru
Sif Muna
Trog
Uskayaw
Vehumet
Wu Jian
Xom
Yredelemnul
Zin
The Shining One

Shops:
D:4 (   D:7 !   D:8 !

Annotations:
D:4 2 transporters, Lemuel's ghost, amateur MiFi
D:9 1 runed translucent door, kalagan's ghost, novice DECj


Innate Abilities, Weirdness & Mutations

You have razor-sharp teeth.
Your natural rate of healing is unusually fast.
When hurt, damage is shared between your health and your magic reserves.
Your bite disrupts and absorbs the magic of your enemies.
Potions cannot restore your health.
You have supernaturally acute eyesight. (SInv)
You are somewhat resistant to further mutation.


Message History

The sphinx is heavily wounded.
You block the sphinx's attack. The sphinx hits you but does no damage.
The sphinx hits you!
You hit the sphinx.
The sphinx is heavily wounded.
The sphinx barely misses you. You block the sphinx's attack.
The sphinx hits you!
* * * LOW HITPOINT WARNING * * *
You hit the sphinx. You bite the sphinx.
The sphinx's magic leaks into the air.
You drain its magic.
You feel invigorated.
The sphinx is heavily wounded.
You barely miss the sphinx. You bite the sphinx.
The sphinx's magic leaks into the air.
You drain its magic.
The sphinx is severely wounded.
The sphinx misses you. The sphinx closely misses you.
You block the sphinx's attack.
You hit the sphinx. You bite the sphinx, but do no damage.
The sphinx is severely wounded.
You puncture the sphinx! You bite the sphinx.
The sphinx's magic leaks into the air.
You drain its magic.
The sphinx is severely wounded.
The sphinx hits you but does no damage. You block the sphinx's attack. x2
You barely miss the sphinx.
The sphinx is severely wounded.
The sphinx mumbles some strange words.
You suddenly lose the ability to move!
The sphinx hits you.
* * * LOW HITPOINT WARNING * * *
The sphinx hits you.
* * * LOW HITPOINT WARNING * * *
The sphinx hits you.
* * * LOW HITPOINT WARNING * * *
The sphinx completely misses you. The sphinx hits you.
* * * LOW HITPOINT WARNING * * *
The sphinx hits you!
* * * LOW HITPOINT WARNING * * *
The sphinx hits you!
* * * LOW HITPOINT WARNING * * *
The sphinx hits you but does no damage. The sphinx hits you.
You die...

#.# #.##†.#.#
#.# #.#
#..<....# #.#
#.#########.###
###Y#
#...........#
#.#.#
#.#####.###.#
#.#.# ###.##.#
#.#.## #).#####
#F### #####)..#
#. #..H@#### ##
#####....)#
#######


You could see a sphinx (magic disrupted).

Vanquished Creatures
  Pikel (D:5)
  A gargoyle (D:10)
  An efreet (D:10)
  Grinder (D:5)
  A hornet (D:9)
  A troll (D:8)
  A vampire (D:8)
  A shadow (D:9)
  A steam dragon (shapeshifter) (D:10)
  Edmund (D:6)
  Menkaure (D:5)
  2 acid dragons (D:10)
  A water moccasin (D:9)
  A sky beast (D:7)
  2 ice beasts
  4 orc warriors
  3 ogres
  4 centaurs
  2 lemures (D:5)
  A phantom (D:7)
  4 kobold brigands
  4 scorpions
  A bullfrog (D:7)
  A gnoll sergeant (D:8)
  A water moccasin zombie (D:7)
  13 killer bees (D:8)
  An oklob sapling (D:5)
  8 wights
  4 howler monkeys
  2 centaur zombies
  3 hounds
  A bullfrog zombie (D:5)
  3 jellies
  6 orc priests
  3 centaur skeletons
  Natasha (thrice) (D:3)
  7 orc wizards
  A hell rat (Sewer)
  3 iguanas
  A killer bee zombie (D:8)
  7 adders
  17 gnolls
  A howler monkey skeleton (D:5)
  4 river rats
  A white imp (D:7)
  An ufetubus (D:5)
  4 worms
  A dart slug (D:2)
  24 orcs
  7 bats
  3 endoplasms
  9 giant cockroaches
  5 goblins
  8 hobgoblins
  4 jackals (D:2)
  4 quokkas
  3 ball pythons
  5 frilled lizards
  18 kobolds
  13 rats
240 creatures vanquished.

Vanquished Creatures (others)
  14 plants
14 creatures vanquished.

Grand Total: 254 creatures vanquished

Notes
Turn   | Place    | Note
-------+----------+-------------------------------------------
     0 | D:1      | Jerry the Vine Stalker Fighter began the quest for the Orb.
     0 | D:1      | Reached XP level 1. HP: 11/11 MP: 2/2
   296 | D:1      | Reached XP level 2. HP: 13/16 MP: 1/3
   967 | D:1      | Reached skill level 3 in Fighting
   967 | D:1      | Reached XP level 3. HP: 20/20 MP: 4/4
  1611 | D:2      | Gained mutation: Your natural rate of healing is unusually
                  | fast. [Vine Stalker growth]
  1611 | D:2      | Reached XP level 4. HP: 24/24 MP: 5/5
  1979 | D:2      | Found a faded altar of an unknown god.
  2348 | D:3      | Reached XP level 5. HP: 26/28 MP: 4/6
  2902 | D:3      | Noticed Natasha
  2908 | D:3      | Killed Natasha
  3156 | D:3      | Noticed Natasha
  3161 | D:3      | Killed Natasha
  3162 | D:3      | Reached XP level 6. HP: 33/33 MP: 7/7
  3212 | D:3      | Noticed Natasha
  3217 | D:3      | Killed Natasha
  3223 | D:4      | Found a transporter.
  3274 | D:4      | Reached skill level 4 in Fighting
  3356 | D:4      | Found a transporter.
  3356 | D:4      | Noticed Lemuel's ghost (amateur MiFi)
  3442 | D:4      | Found Hisog's Weapon Emporium.
  3528 | D:4      | Reached XP level 7. HP: 35/37 MP: 8/8
  4028 | D:5      | Entered Level 5 of the Dungeon
  4173 | D:5      | Found a glowing drain.
  4174 | D:5      | Noticed Menkaure
  4185 | D:5      | Killed Menkaure
  4197 | Sewer    | Entered a sewer
  4221 | Sewer    | Gained mutation: You have razor-sharp teeth. [Vine Stalker
                  | growth]
  4221 | Sewer    | Reached XP level 8. HP: 41/42 MP: 9/9
  4351 | D:5      | Reached skill level 5 in Shields
  4381 | D:5      | Noticed Grinder
  4390 | D:5      | Killed Grinder
  4391 | D:5      | Reached skill level 5 in Fighting
  4494 | D:5      | Noticed Pikel
  4545 | D:5      | Killed Pikel
  4546 | D:5      | Reached skill level 5 in Short Blades
  4546 | D:5      | Reached skill level 5 in Armour
  4546 | D:5      | Reached XP level 9. HP: 32/48 MP: 10/10
  4904 | D:5      | Found a staircase to the Ecumenical Temple.
  4913 | Temple   | Entered the Ecumenical Temple
  5119 | Temple   | Became a worshipper of Uskayaw the Reveller
  5165 | D:5      | Reached * piety under Uskayaw
  5166 | D:5      | Reached ** piety under Uskayaw
  5167 | D:5      | Reached skill level 6 in Fighting
  5206 | D:5      | Reached *** piety under Uskayaw
  5307 | D:6      | Noticed Edmund
  5326 | D:6      | Killed Edmund
  5327 | D:6      | Reached skill level 1 in Invocations
  6455 | D:7      | Reached **** piety under Uskayaw
  6473 | D:7      | Found Qaebuec's Distillery.
  6527 | D:7      | Bought a potion of mutation for 96 gold pieces
  6527 | D:7      | Bought a potion of haste for 120 gold pieces
  6527 | D:7      | Gained mutation: Your muscles are strong. (Str +2) [potion
                  | of mutation]
  6527 | D:7      | Gained mutation: Your magical capacity is low. (-10% MP)
                  | [potion of mutation]
  6528 | D:7      | Lost mutation: Your magical capacity is low. (-10% MP)
                  | [potion of mutation]
  6528 | D:7      | Lost mutation: Your muscles are strong. (Str +2) [potion of
                  | mutation]
  6528 | D:7      | Gained mutation: You have supernaturally acute eyesight.
                  | (SInv) [potion of mutation]
  6528 | D:7      | Gained mutation: You are somewhat resistant to further
                  | mutation. [potion of mutation]
  7194 | D:8      | Reached XP level 10. HP: 36/53 MP: 13/13
  7267 | D:8      | Reached skill level 7 in Fighting
  7305 | D:8      | Found a blossoming altar of Fedhas.
  7335 | D:8      | Identified the +1 ring mail "Liot Res" {rPois}
  7549 | D:8      | Found Toolam Bim's Distillery.
  7622 | D:8      | Reached ***** piety under Uskayaw
  8376 | D:9      | Paralysed by a hornet for 1 turns
  8575 | D:9      | Reached skill level 5 in Invocations
  8923 | D:9      | Found a runed translucent door.
  8924 | D:9      | Noticed kalagan's ghost (novice DECj)
  9134 | D:9      | Identified a scroll of acquirement
  9134 | D:9      | Acquired a +1 rapier of speed
  9200 | D:10     | Entered Level 10 of the Dungeon
  9263 | D:10     | Noticed a gargoyle
  9302 | D:10     | Killed a gargoyle
  9303 | D:10     | Reached skill level 8 in Fighting
  9352 | D:10     | Noticed an ettin
  9355 | D:10     | Reached XP level 11. HP: 25/60 MP: 6/16
  9431 | D:10     | Noticed a sphinx
  9445 | D:10     | Paralysed by a sphinx for 6 turns
  9448 | D:10     | HP: 2/60 [sphinx (7)]
  9448 | D:10     | Slain by a sphinx

Illustrated notes

Levels and vault maps discovered:
D:1:      beargit_arrival_diablo_church, layout_basic
D:2:      layout_basic, shapermc_ecumenical_altar_petra, minivault_5
D:3:      layout_loops_ring, uniq_natasha
D:4:      layout_loops_ring, serial_shops, nicolae_shop_bloodbath_and_beyond,
          gammafunk_ghost_mausoleum, minmay_misc_feat_x
D:5:      layout_rooms, minmay_temple_entry_oklob, portal_sewer_entry_a,
          supply_closet_lemuel, fountainhead, uniq_grinder, uniq_menkaure,
          uniq_pikel
D:6:      layout_basic, uniq_edmund
D:7:      layout_cave_pods, serial_shops, nicolae_shop_hallway_plus,
          minmay_manual_mess
D:8:      layout_loops_corners, mainiacjoe_overflow_boulevard, serial_shops,
          shop, grunt_potential
D:9:      layout_loops_ring, hellmonk_ghost_happy_afterlife
D:10:     minmay_chopped_fan, layout_basic, erik_orc_1
Temple:   kilobyte_greek_temple

Skill      XL: |  1  2  3  4  5  6  7  8  9 10 |
---------------+-------------------------------+-----
Short Blades   | 2 3 4 5 6 7 |  7.9
Shields        | 3 4 5 6 |  6.0
Fighting       | 3 4 5 6 8 |  8.1
Armour         | 3 4 5 6 7 |  7.4
Invocations    | 3 5 |  5.7

Action                   |  1- 3 |  4- 6 |  7- 9 | 10-12 || total
-------------------------+-------+-------+-------+-------++-------
Melee: Rapier            |   108 |   143 |   275 |    78 ||   604
       Bite              |    24 |    33 |   120 |   135 ||   312
       Dagger            |       |       |    53 |   296 ||   349
Throw: Throwing net      |       |       |       |     2 ||     2
  Use: Scroll            |     1 |     3 |     8 |     5 ||    17
       Potion            |       |       |     6 |     3 ||     9
 Stab: Invisible         |       |       |     3 |       ||     3
       Paralysed         |       |       |     5 |    16 ||    21
Armor: Scale mail        |    52 |    50 |    90 |    14 ||   206
       Ring mail         |       |       |       |   108 ||   108
Dodge: Dodged            |    38 |    57 |    89 |   147 ||   331
Block: Buckler           |    27 |    27 |    90 |   120 ||   264
